 Dungeon Crawl Stone Soup version 0.31.0-9-g3a7656b989 (webtiles) character file.

Game seed: 10759318256778781922

130 qw the Ducker (level 4, 0/22 HPs)
             Began as a Spriggan Hunter on Feb 2, 2024.
             Was an Initiate of Okawaru.
             Slain by a gnoll
             ... wielding a +0 whip of electrocution
              (9 damage)
             ... on level 3 of the Dungeon.
             The game lasted 00:00:10 (2166 turns).

qw the Ducker (Spriggan Hunter)                     Turns: 2166, Time: 00:00:11

Health: 0/22       AC:  2    Str:  7    XL:     4   Next: 89%
Magic:  5/5        EV: 22    Int: 10    God:    Okawaru [......]
Gold:   88         SH:  0    Dex: 26    Spells: 3/3 levels left

rFire   . . .        a - +0 shortbow
rCold   . . .        (shield currently unavailable)
rNeg    . . .        c - +0 robe
rPois   .            (helmet restricted)
rElec   .            (no cloak)
rCorr   .            (gloves unavailable)
SInv    +            (boots unavailable)
Will    .....        (no amulet)
Stlth   ++           f - +6 ring of dexterity
HPRegen 0.23/turn    (no ring)
MPRegen 0.09/turn

%: no passive effects
@: very quick
A: very small, no large weapons, unfitting armour, see invisible, speed 3
a: Renounce Religion


You were on level 3 of the Dungeon.
You worshipped Okawaru.
Okawaru was noncommittal.
You visited 1 branch of the dungeon, and saw 3 of its levels.

You collected 88 gold pieces.


Innate Abilities, Weirdness & Mutations

You are very small and have problems with some larger weapons.
You are too small for most types of armour.
You have supernaturally acute eyesight. (SInv)
You cover ground extremely quickly. (Speed+++)


   Skills:
 - Level 1.5 Fighting
 - Level 5.0 Ranged Weapons
 + Level 5.5 Dodging
 - Level 1.5 Stealth


You had 3 spell levels left.
You didn't know any spells.
Your spell library was empty.

Inventory:

Hand Weapons
 a - a +0 shortbow (weapon)
Armour
 c - a +0 robe (worn)
Jewellery
 f - a +6 ring of dexterity (left hand)
Scrolls
 b - 2 scrolls of identify
 g - a scroll of fog {unknown}
 h - a scroll of enchant armour
Potions
 d - a potion of curing {unknown}
 e - a potion of resistance {unknown}

Dungeon Overview and Level Annotations

Branches:
Dungeon (3/15)

Altars:
Okawaru
Uskayaw

Shops:
D:3 =


Message History

You now have 83 gold pieces (gained 23).
Things that are here:
a +0 sling; a +0 club
Found a stone staircase leading up.
Enter note:
Enter note:
b - 2 scrolls of identify (gained 1)
Found 2 javelins.
g - a scroll labelled ELICALL NEUZUISY You now have 88 gold pieces (gained 5). 2 gnolls come into view.
You shoot an arrow. The arrow hits the gnoll.
The gnoll shouts!
The gnoll is lightly wounded.
You shoot an arrow. The arrow hits the gnoll.
The gnoll is severely wounded.
A gnoll comes into view.
It is wielding a +0 whip of electrocution.
You shoot an arrow. The gnoll shouts! x2
The arrow hits the gnoll.
The gnoll is severely wounded.
You shoot an arrow. The arrow hits the gnoll!
You kill the gnoll!
Okawaru accepts your kill.
You shoot an arrow. The arrow hits the gnoll.
The gnoll is heavily wounded.
The gnoll closely misses you.
You shoot an arrow. The arrow barely misses the gnoll.
The arrow hits the gnoll but does no damage.
The gnoll misses you.
You shoot an arrow. The arrow hits the gnoll.
The gnoll is severely wounded.
The gnoll hits you from afar with a +0 halberd!
You shoot an arrow. The arrow barely misses the gnoll. x2
The gnoll closely misses you.
You shoot an arrow. The arrow hits the gnoll.
The gnoll is moderately wounded.
The gnoll hits you with a +0 whip of electrocution.
You are electrocuted!
You die...

#........ ....#
#.[#...#. ...#
##.##.##.
$..#########.......
..).....$.####...#.
.!..............#..
#g.......# #####.#
#........#######.#
#@g...........##..
#.............####
#####................
#........###.....####
#........###.....#
#................####
###..............(...
#..................
##########.........


You could see 2 gnolls.

Vanquished Creatures
  A gnoll (D:3)
  3 adders
  An adder zombie (D:2)
  An adder skeleton (D:2)
  A ribbon worm (D:3)
  5 dart slugs
  5 orcs (D:3)
  2 endoplasms (D:1)
  5 giant cockroaches
  7 goblins
  9 hobgoblins
  5 jackals (D:2)
  2 ball pythons
  2 ball python skeletons (D:2)
  A ball python zombie (D:2)
  2 bats
  3 frilled lizards (D:1)
  2 jackal zombies (D:2)
  4 kobolds
  A quokka skeleton (D:2)
  8 rats
70 creatures vanquished.

Notes
Turn   | Place    | Note
-------+----------+-------------------------------------------
     0 | D:1      | qw the Spriggan Hunter began the quest for the Orb.
     0 | D:1      | Reached XP level 1. HP: 10/10 MP: 2/2
     0 | D:1      | 0 ||| qw: Version: 0.3-a-155-g5e7d8dd
     0 | D:1      | 0 ||| qw: Game counter: 2448
     0 | D:1      | 0 ||| qw: Melee chars always use a shield: true
     0 | D:1      | 0 ||| qw: God list: Okawaru
     0 | D:1      | 0 ||| qw: Allow faded altars: false
     0 | D:1      | 0 ||| qw: Do Orc after clearing Dungeon:15 true
     0 | D:1      | 0 ||| qw: Do second Lair branch before Depths: true
     0 | D:1      | 0 ||| qw: Lair rune preference: random
     0 | D:1      | 0 ||| qw: Goals: Normal
     0 | D:1      | 0 ||| PLANNING D:1-11
    38 | D:1      | Reached skill level 3 in Dodging
   135 | D:1      | Reached XP level 2. HP: 13/14 MP: 3/3
   261 | D:1      | Found a faded altar of an unknown god.
   312 | D:1      | You fall into a shaft and drop 1 floor!
   402 | D:2      | 402 ||| UPGRADING to +6 ring of dexterity.
   403 | D:2      | 403 ||| READING scroll labelled ZELITEFIUN.
   504 | D:2      | 504 ||| DROPPING scroll of butterflies.
   642 | D:1      | Reached XP level 3. HP: 18/18 MP: 4/4
  1016 | D:1      | 1016 ||| DROPPING +6 ring of intelligence.
  1468 | D:2      | Reached XP level 4. HP: 22/22 MP: 5/5
  1761 | D:2      | 1761 ||| READING scroll labelled QEAXZEDWIE.
  1762 | D:2      | 1762 ||| READING scroll labelled NONWIQ QIAGIH.
  1763 | D:2      | 1763 ||| READING 2 scrolls labelled SENEUNW JIARGHO.
  1763 | D:2      | 1763 ||| ENCHANTING +0 shortbow.
  1842 | D:3      | Found a hide-covered altar of Uskayaw.
  1857 | D:3      | Found an iron altar of Okawaru.
  1858 | D:3      | 1858 ||| PLANNING OKAWARU WORSHIP
  1872 | D:3      | Became a worshipper of Warmaster Okawaru
  1873 | D:3      | 1873 ||| PLANNING D:1-11
  1890 | D:3      | Found Ysytt's Jewellery Emporium.
  1899 | D:3      | 1899 ||| SHOPLISTING amulet of faith (440 gold, have 60).
  1899 | D:3      | 1899 ||| SHOPLISTING amulet of reflection (330 gold, have
                  | 60).
  1910 | D:3      | 1910 ||| FLEEEEING.
  1911 | D:3      | 1911 ||| FLEEEEING.
  1912 | D:3      | 1912 ||| FLEEEEING.
  1914 | D:3      | 1914 ||| FLEEEEING.
  1915 | D:3      | 1915 ||| FLEEEEING.
  1916 | D:3      | 1916 ||| FLEEEEING.
  1917 | D:3      | 1917 ||| FLEEEEING.
  1918 | D:3      | 1918 ||| STAIRDANCE
  1974 | D:2      | 1974 ||| READING scroll labelled KENI ZOKKUYK.
  1974 | D:2      | 1974 ||| IDENTIFYING smoky yellow potion
  1975 | D:2      | 1975 ||| DROPPING potion of berserk rage.
  2166 | D:3      | Slain by a gnoll

Levels and vault maps discovered:
D:1:      dpeg_arrival_pits, layout_basic,
          dreamdust_ecumenical_altar_angels_and_demons, st_stairs_2
D:2:      layout_loops_corners, serial_undead, serial_undead_a, serial_undead_c,
          serial_undead_a, serial_undead_e, serial_undead_f, serial_undead_f,
          serial_undead_b, serial_undead_a
D:3:      layout_basic, chei_slow_surprise, pdpol_wu_jian_five_deadly_venoms,
          makhleb_altar_promises_db, okawaru_gym_becter,
          nicolae_overflow_crystal_walls, serial_shops, shop

Skill      XL: |  1  2  3  4 |
---------------+-------------+-----
Dodging        | 3 4 5 |  5.5
Ranged Weapons | 5 |  5.0
Fighting       | |  1.5
Stealth        | |  1.5

Action                     |  1- 3 |  4- 6 || total
---------------------------+-------+-------++-------
   Fire: Shortbow          |   129 |    66 ||   195
    Use: Scroll            |     1 |     4 ||     5
 Armour: Robe              |    10 |     2 ||    12
  Dodge: Dodged            |    41 |    13 ||    54

Table legend:
 A = Non-vault XP
 B = Vault XP
 C = Vault XP percentage of total XP
 D = Non-vault monster count
 E = Vault monster count
 F = Vault count percentage of total count
                 A         B        C        D         E       F
            +---------+---------+-------+---------+---------+-------
      Total |     165 |      21 |  11.3 |      59 |      11 |  15.7
            +---------+---------+-------+---------+---------+-------
        D:1 |      41 |       4 |   8.9 |      22 |       3 |  12.0
        D:2 |      63 |      17 |  21.2 |      20 |       8 |  28.6
        D:3 |      61 |       0 |   0.0 |      17 |       0 |   0.0
            +---------+---------+-------+---------+---------+-------
